 Dungeon Crawl Stone Soup version 0.30-a0-862-g1aabd4f9c5 (webtiles) character file.

Game seed: 15934434862978273877

898 Ijustatesigmund the Thaumaturge (level 7, -8/44 HPs)
             Began as a Deep Elf Conjurer on Mar 9, 2023.
             Mangled by a gnoll sergeant
             ... wielding a +0 trident
              (11 damage)
             ... on level 5 of the Dungeon.
             The game lasted 00:14:33 (5639 turns).

Ijustatesigmund the Thaumaturge (Deep Elf Conjurer) Turns: 5639, Time: 00:14:34

Health: -8/44      AC:  4    Str:  4    XL:     7   Next: 79%
Magic:  8/22       EV: 12    Int: 25    God:
Gold:   268        SH:  0    Dex: 13    Spells: 15/25 levels left

rFire   . . .      SeeInvis .    f - +5 short sword
rCold   . . .      Faith    .    (no shield)
rNeg    . . .      Spirit   .    a - +0 robe
rPois   .          Reflect  .    (no helmet)
rElec   .          Rampage  .    v - +0 cloak
rCorr   .                        j - +0 pair of gloves
Will    .....                    (no boots)
Stlth   ++                       (no amulet)
HPRegen 0.27/turn                (no ring)
MPRegen 0.18/turn                (no ring)

@: no status effects
A: no striking features
a: no special abilities


You were on level 5 of the Dungeon.
You visited 1 branch of the dungeon, and saw 5 of its levels.

You collected 294 gold pieces.
You spent 26 gold pieces at shops.

Inventory:

Hand Weapons
 f - a +5 short sword (weapon)
Armour
 a - a +0 robe (worn)
 j - a +0 pair of gloves (worn)
 v - a +0 cloak (worn)
Scrolls
 c - 7 scrolls of teleportation
 g - 4 scrolls of identify
 k - a scroll of fear {unknown}
 l - a scroll of acquirement {unknown}
 n - a scroll of magic mapping
 o - 2 scrolls of amnesia
 s - a scroll of brand weapon {unknown}
 t - a scroll of blinking {unknown}
 u - a scroll of poison
Potions
 b - a potion of magic
 d - 2 potions of haste {unknown}
 e - a potion of mutation
 h - 2 potions of lignification
 i - a potion of ambrosia {unknown}
 m - 3 potions of curing
 p - a potion of berserk rage {unknown}
 q - 2 potions of might {unknown}
 r - 2 potions of heal wounds {unknown}


   Skills:
 - Level 4.8 Fighting
 - Level 2.4 Dodging
 - Level 2.4 Stealth
 + Level 9.8 Spellcasting
 + Level 9.1 Conjurations
 + Level 3.0 Translocations
 + Level 2.5 Earth Magic


You had 15 spell levels left.
You knew the following spells:

 Your Spells              Type           Power      Damage    Failure   Level
a - Magic Dart            Conj           100%       1d8       1%          1
b - Searing Ray           Conj           100%       2d8       1%          2
c - Iskenderun's Mystic   Conj/Tloc      42%        2d10      4%          4
d - Stone Arrow           Conj/Erth      82%        3d12      1%          3

Your spell library contained the following spells:

 Spells                   Type           Power      Damage    Failure   Level
 Dazzling Flash           Conj/Hex       70%        N/A       2%          3
 Flame Wave               Conj/Fire      35%        2d10      8%          4
 Fulminant Prism          Conj/Hex       17%        3d11      8%          4
 Sticky Flame             Conj/Fire      35%        2d5       8%          4
 Kindle Blastsparks       Fire/Tloc/Air  34%        2d12      10%         3
 Inner Flame              Hex/Fire       12%        N/A       16%         3
 Ozocubu's Armour         Ice            12%        N/A       16%         3
 Animate Armour           Summ/Erth      36%        N/A       30%         4
 Lee's Rapid Deconstruct  Erth           12%        3d9*      43%         5
 Cause Fear               Hex            6%         N/A       45%         4
 Ozocubu's Refrigeration  Ice            6%         4d8       100%        7
 Discord                  Hex            6%         N/A       100%        8
 Lehudib's Crystal Spear  Conj/Erth      20%        10d6      100%        8


Dungeon Overview and Level Annotations

Branches:
Dungeon (5/15)
 Temple: D:4-7

Altars:
Makhleb
Ru
Uskayaw
Xom

Shops:
D:2 *


Message History

The gnoll sergeant is lightly wounded.
The gnoll sergeant is knocked back by the mystic blast.
The gnoll sergeant collides with the gnoll!
The gnoll is moderately wounded.
The gnoll sergeant is moderately wounded.
The mystic blast hits the gnoll.
You kill the gnoll!
The gnoll shouts!
The gnoll sergeant hits you from afar with a +0 trident!
Casting: Iskenderun's Mystic Blast (dangerous; 4% risk of failure)
Confirm with . or Enter, or press ? or * to list all spells.
You erupt in a blast of force!
The mystic blast hits the gnoll sergeant.
The gnoll sergeant is moderately wounded.
The gnoll sergeant is knocked back by the mystic blast.
The gnoll sergeant collides with the gnoll!
The gnoll is severely wounded.
The gnoll sergeant misses you.
The gnoll sergeant hits you from afar with a +0 trident!
* * * LOW HITPOINT WARNING * * *
Okay, then.
You feel better.
The gnoll sergeant hits you from afar with a +0 trident!
* * * LOW HITPOINT WARNING * * *
You aren't carrying any items that you can evoke.
Okay, then.
Casting: Iskenderun's Mystic Blast (dangerous; 4% risk of failure)
Confirm with . or Enter, or press ? or * to list all spells.
Okay, then.
Casting: Iskenderun's Mystic Blast (dangerous; 4% risk of failure)
Confirm with . or Enter, or press ? or * to list all spells.
You erupt in a blast of force!
The mystic blast hits the gnoll sergeant!
The gnoll sergeant is severely wounded.
The gnoll sergeant is knocked back by the mystic blast.
The gnoll sergeant collides with the gnoll!
You kill the gnoll!
The gnoll sergeant is almost dead.
The gnoll sergeant hits you from afar with a +0 trident!
You die...

#############
#....@)gg....
########.##########.
.........#
.........# ##.
#######.## ...
#####.# #..# #.....#
#..## #.#####
#...###.########


You could see a gnoll sergeant and a gnoll.

Vanquished Creatures
  A centaur (D:5)
  A phantom (D:4)
  A scorpion (D:5)
  A howler monkey (D:5)
  An orc priest (D:4)
  A gnoll bouda (D:5)
  Crazy Yiuf (D:2)
  2 hounds (D:5)
  3 jellies
  An iguana (D:4)
  4 orc wizards
  5 gnolls (D:5)
  7 adders
  A white imp (D:5)
  3 ufetubi
  4 worms
  4 dart slugs
  15 orcs
  5 endoplasms
  4 giant cockroaches
  5 goblins
  9 hobgoblins
  3 kobolds
  4 quokkas
  6 ball pythons
  A bat (D:2)
  2 frilled lizards
  5 rats
100 creatures vanquished.

Notes
Turn   | Place    | Note
-------+----------+-------------------------------------------
     0 | D:1      | Ijustatesigmund the Deep Elf Conjurer began the quest for
                  | the Orb.
     0 | D:1      | Reached XP level 1. HP: 10/10 MP: 6/6
   672 | D:2      | Reached XP level 2. HP: 15/15 MP: 3/8
   675 | D:2      | Learned a level 2 spell: Searing Ray
   868 | D:1      | Found a faded altar of an unknown god.
  1074 | D:1      | Reached skill level 5 in Conjurations
  1074 | D:1      | Reached XP level 3. HP: 19/19 MP: 7/10
  1555 | D:2      | Found Loilepag's General Store.
  1701 | D:2      | Bought a scroll of identify for 26 gold pieces
  1710 | D:2      | Reached XP level 4. HP: 30/30 MP: 11/17
  1772 | D:2      | Found a hide-covered altar of Uskayaw.
  2066 | D:2      | Found a runed translucent door.
  2067 | D:2      | Noticed Crazy Yiuf
  2139 | D:3      | Learned a level 4 spell: Iskenderun's Mystic Blast
  2415 | D:3      | Found a shimmering altar of Xom.
  2418 | D:3      | Found a shimmering altar of Xom.
  2418 | D:3      | Found a shimmering altar of Xom.
  2446 | D:3      | Reached XP level 5. HP: 34/34 MP: 15/18
  2524 | D:3      | Reached skill level 1 in Translocations
  3004 | D:3      | Found a shimmering altar of Xom.
  3262 | D:3      | Found a sacrificial altar of Ru.
  3398 | D:4      | Learned a level 3 spell: Stone Arrow
  3725 | D:4      | Noticed a phantom
  3731 | D:4      | Reached XP level 6. HP: 40/40 MP: 16/20
  3776 | D:4      | Reached skill level 1 in Earth Magic
  4758 | D:2      | Killed Crazy Yiuf
  4845 | D:5      | Entered Level 5 of the Dungeon
  4938 | D:5      | Reached XP level 7. HP: 44/44 MP: 12/22
  5285 | D:5      | Found a burning altar of Makhleb.
  5637 | D:5      | HP: 2/44 [gnoll sergeant/+0 trident (10)]
  5639 | D:5      | Mangled by a gnoll sergeant

Illustrated notes

Levels and vault maps discovered:
D:1:      dpeg_arrival_line_fractal, layout_loops_ring,
          hellmonk_ecumenical_altar_zigzags, chequers_serial_rivers_marsh,
          nicolae_wormholes
D:2:      layout_rooms, serial_shops, nicolae_diamond_shop, basic_altar,
          grunt_decor_mini_mirrors, minmay_curled_crystal,
          uniq_crazy_yiuf_cottage
D:3:      layout_loops_ring, xom_redecorated, nicolae_ru_path_of_blood,
          nrook_uturn, kennysheep_generic_room_4
D:4:      layout_basic, hangedman_abyss_or_decor_passed, minmay_joined_circles
D:5:      layout_loops_ring, makhleb_heckhound_becter

Skill      XL: |  1  2  3  4  5  6  7 |
---------------+----------------------+-----
Spellcasting   | 4 9 |  9.8
Conjurations   | 5 8 9 |  9.1
Fighting       | 4 |  4.8
Translocations | 1 2 3 |  3.0
Earth Magic    | 1 2 |  2.5
Dodging        | |  2.4
Stealth        | |  2.4

Action                     |  1- 3 |  4- 6 |  7- 9 || total
---------------------------+-------+-------+-------++-------
  Melee: Short sword       |       |     4 |     3 ||     7
   Cast: Magic Dart        |    64 |    65 |    16 ||   145
         Searing Ray       |     1 |     9 |     1 ||    11
         Iskenderun's Myst |       |     3 |     7 ||    10
         Stone Arrow       |       |    10 |     8 ||    18
    Use: Scroll            |     4 |     7 |       ||    11
         Potion            |     1 |       |     1 ||     2
 Armour: Robe              |       |     5 |       ||     5
  Dodge: Dodged            |       |    23 |     9 ||    32

Table legend: (Time is in decaauts)
 A = Elapsed time spent in this place.
 B = Non-inter-level travel time spent in this place.
 C = Inter-level travel time spent in this place.
 D = Time resting spent in this place.
 E = Time spent auto-exploring this place.
 F = Levels seen in this place.
 G = Mean time per level.
                   A        B        C        D        E       F      G
               +--------+--------+--------+--------+--------+-----+--------+
         Total |   5643 |   5392 |    251 |   1227 |   3619 |   5 | 1128.6 |
       Dungeon |   5643 |   5392 |    251 |   1227 |   3619 |   5 | 1128.6 |
               +--------+--------+--------+--------+--------+-----+--------+

Top non-repeatable levels by time:
     D:4: 1510 daAuts
     D:1: 1313 daAuts
     D:3: 1235 daAuts
     D:2: 882 daAuts
     D:5: 701 daAuts
